Construct Section Command Post
Construct Section Command Post
Construct Platoon Command Post
6-pounder Anti-tank Gun Team
Selects Indian Artillery Battlegroup
Selects Towed ML 4.2-inch Heavy Mortar
Unlock Bishop Self-propelled Artillery
Bishop Self-propelled Artillery
Selects Off-map Airburst Barrage
Construct Company Command Post
Selects Perimeter Monitor
6-pounder Anti-tank Gun Team
Selects Gurkha Rifles Section